 Dungeon Crawl Stone Soup version 0.27.1 (webtiles) character file.

Game seed: 12416325259727688690

12 r3algoood the Sneak (level 2, -1/13 HPs)
             Began as a Spriggan Enchanter on Aug 31, 2021.
             Frozen to death by an endoplasm (3 damage)
             ... on level 1 of the Dungeon.
             The game lasted 00:01:52 (520 turns).

r3algoood the Sneak (Spriggan Enchanter)             Turns: 520, Time: 00:01:52

Health: -1/13      AC:  2    Str:  4    XL:     2   Next: 20%
Magic:  6/6        EV: 17    Int: 16    God:
Gold:   33         SH:  0    Dex: 15    Spells: 5/6 levels left

rFire    . . .     SeeInvis +   a - +1 dagger
rCold    . . .     Faith    .   (shield restricted)
rNeg     . . .     Spirit   .   b - +0 robe
rPois    .         Reflect  .   (helmet restricted)
rElec    .         Harm     .   (no cloak)
rCorr    .         Rampage  .   (gloves unavailable)
Will     .....                  (boots unavailable)
Stlth    +++.......             (no amulet)
HPRegen  0.04/turn              (no ring)
MPRegen  0.10/turn              (no ring)

@: very quick
A: very small, no large weapons, unfitting armour, see invisible, speed 3
a: no special abilities


You were on level 1 of the Dungeon.
You visited 1 branch of the dungeon, and saw 1 of its levels.

You collected 33 gold pieces.

Inventory:

Hand Weapons
 a - a +1 dagger (weapon)
Armour
 b - a +0 robe (worn)


   Skills:
 + Level 1.1 Short Blades
 + Level 3.0 Dodging
 + Level 4.9 Stealth
 + Level 2.7 Spellcasting
 + Level 4.0 Hexes


You had 5 spell levels left.
You knew the following spells:

 Your Spells              Type           Power      Damage    Failure   Level
a - Corona                Hex            16%        N/A       3%          1

Your spell library contained the following spells:

 Spells                   Type           Power      Damage    Failure   Level
 Confusing Touch          Hex            15%        N/A       11%         3
 Tukima's Dance           Hex            15%        N/A       11%         3
 Ensorcelled Hibernation  Hex/Ice        16%        N/A       13%         2
 Dazzling Flash           Conj/Hex       16%        N/A       26%         3


Dungeon Overview and Level Annotations

Branches:
Dungeon (1/15)

Altars:


Innate Abilities, Weirdness & Mutations

You are very small and have problems with some larger weapons.
You are too small for most types of armour.
You have supernaturally acute eyesight. (SInv)
You cover ground extremely quickly. (Speed+++)


Message History

The rat barely misses you.
You closely miss the rat. The rat bites you.
You hit the rat but do no damage. You hit the rat but do no damage.
The rat closely misses you.
You closely miss the rat. The rat barely misses you.
You hit the rat.
You kill the rat!
The endoplasm quivers.
The giant cockroach completely misses you.
The rat bites you but does no damage.
You see here a rat corpse.
You hit the rat but do no damage. The giant cockroach closely misses you.
The rat closely misses you.
You hit the rat.
You kill the rat!
The giant cockroach completely misses you.
Found a scroll labelled TURGHU IMORASIO.
The giant cockroach bites you.
You see here a rat corpse.
The giant cockroach closely misses you.
A ball python comes into view.
The ball python hisses angrily.
The giant cockroach completely misses you.
The endoplasm freezes you.
You are frozen.
You barely miss the giant cockroach. The giant cockroach closely misses you.
You closely miss the giant cockroach. The endoplasm freezes you.
You are frozen.
The giant cockroach barely misses you.
You hit the giant cockroach.
The giant cockroach is heavily wounded.
The endoplasm freezes you.
You are frozen.
The giant cockroach misses you.
You hit the giant cockroach.
You kill the giant cockroach!
The endoplasm hits you.
* * * LOW HITPOINT WARNING * * *
The endoplasm freezes you.
You are frozen.
You die...

#.### # #...# ##.#
#.#.###..# #.#.#.#.##
#......>.# # #.#.#.#.##.#
############.......#.####.
............#.#.#.#.......
############..††@.S#
............#.#.#J#.....#
.....########.##........#
.....# #.##........#
≈###.# #..#?.......# ≈≈≈#
.. ........>...# ≈≈≈# #
.........##... ≈≈≈#
###.####.# ... ..≈#


You could see an endoplasm and a ball python.

Vanquished Creatures
  A dart slug (D:1)
  A bat (D:1)
  2 giant cockroaches (D:1)
  A hobgoblin (D:1)
  A kobold (D:1)
  A quokka (D:1)
  2 rats (D:1)
9 creatures vanquished.

Notes
Turn   | Place    | Note
-------+----------+-------------------------------------------
     0 | D:1      | r3algoood the Spriggan Enchanter began the quest for the
                  | Orb.
     0 | D:1      | Reached XP level 1. HP: 9/9 MP: 5/5
   259 | D:1      | Reached XP level 2. HP: 5/13 MP: 6/6
   520 | D:1      | Frozen to death by an endoplasm

Illustrated notes

Levels and vault maps discovered:
D:1:      dpeg_arrival_pond, layout_basic,
          hellmonk_ecumenical_altar_prayer_group, chequers_jeans, st_stairs_8

Skill      XL: |  1  2 |
---------------+-------+-----
Dodging        | 3 |  3.0
Hexes          | 4 |  4.0
Short Blades   | |  1.1
Stealth        | |  4.9
Spellcasting   | |  2.7

Action                   || total
-------------------------++-------
Melee: Dagger            ||    44
 Cast: Corona            ||     3
Armor: Robe              ||     8
Dodge: Dodged            ||    36
